 Dungeon Crawl Stone Soup version 0.23.1 (webtiles) character file.

Game seed: 0

33786 Fang the Fighter (level 13, -2/87 HPs)
             Began as a Gargoyle Berserker on Mar 11, 2019.
             Was a High Priest of Trog.
             Splashed by Nessos's acid (12 damage)
             ... on level 5 of the Lair of Beasts.
             The game lasted 00:17:53 (14477 turns).

Fang the Fighter (Gargoyle Berserker)              Turns: 14477, Time: 00:17:54

Health: -2/87      AC: 22    Str: 22    XL:     13   Next: 73%
Magic:  13/13      EV: 20    Int: 15    God:    Trog [*****.]
Gold:   930        SH:  0    Dex:  9    Spells: 12/12 levels left

rFire    + . .     SeeInvis +   B - +3 war axe (flame)
rCold    + . .     Gourm    .   (no shield)
rNeg     + . .     Faith    .   I - +5 scale mail of the Ageless Planets {SInv}
rPois    ∞         Spirit   .   a - +2 hat
rElec    +         Reflect  .   Q - scarf {rC+ rF+}
rCorr    .         Harm     .   (no gloves)
MR       .....                  (no boots)
Stlth    ..........             (no amulet)
HPRegen  0.24/turn              b - +6 ring of evasion
MPRegen  0.13/turn              D - +5 ring of intelligence

@: corroded
A: negative energy resistance 1, electricity resistance, weak 1, unbreathing,
petrification resistance, rot immunity, AC +9
a: Berserk, Trog's Hand, Brothers in Arms, Renounce Religion


You were on level 5 of the Lair of Beasts.
You worshipped Trog.
Trog was extremely pleased with you.
You were hungry.

You visited 3 branches of the dungeon, and saw 16 of its levels.

You collected 930 gold pieces.

Inventory:

Hand Weapons
 h - a +2 antimagic hand axe
 s - a +1 war axe of chopping
 v - a +3 battleaxe of chopping
 B - a +3 war axe of flaming (weapon)
 E - a +3 hand axe of draining
Armour
 a - a +2 hat (worn)
 n - a +2 cloak
 o - a +1 ring mail of fire resistance
 I - the +5 scale mail of the Ageless Planets (worn) {SInv}
   (You found it on level 4 of the Lair of Beasts)

   It lets you see invisible.
 Q - a scarf of resistance (worn)
Jewellery
 b - a +6 ring of evasion (left hand)
 y - an uncursed ring of protection from magic
 D - a +5 ring of intelligence (right hand)
 F - an uncursed ring of magical power
 G - an uncursed ring of stealth
 J - an uncursed ring of ice
Wands
 j - a wand of digging (18)
 u - a wand of flame (17)
 A - a wand of acid (18)
 K - a wand of paralysis (10)
 N - a wand of polymorph (1)
Scrolls
 d - 3 scrolls of magic mapping
 e - 5 scrolls of remove curse
 f - 2 scrolls of teleportation
 p - 2 scrolls of fear
 C - 5 scrolls of identify
 O - a scroll of torment {unknown}
Potions
 g - 2 potions of ambrosia
 i - a potion of haste
 k - 7 potions of curing
 l - 4 potions of agility
 m - a potion of resistance
 q - 3 potions of might
 r - a potion of brilliance
 t - 3 potions of heal wounds
 w - a potion of invisibility
 x - a potion of mutation
 z - 3 potions of lignification
 H - a potion of cancellation
 L - 2 potions of flight
 M - a potion of berserk rage
Comestibles
 c - 36 rations


   Skills:
 + Level 12.8 Fighting
 + Level 11.0 Axes
 + Level 12.6 Armour
 + Level 10.1 Dodging


You had 12 spell levels left.
You didn't know any spells.
Your spell library was empty.

Dungeon Overview and Level Annotations

Branches:
Dungeon (10/15)            Temple (1/1) D:7            Lair (5/6) D:8
 Shoals (0/4) Lair:4        Snake (0/4) Lair:2          Orc (0/2) D:10
  Slime: Lair:5-6

Altars:
Ashenzari
Cheibriados
Elyvilon
Gozag
Kikubaaqudgha
Okawaru
Qazlal
Uskayaw
Vehumet
Xom
Yredelemnul
Zin

Shops:
D:10 :

Annotations:
Lair:5 Nessos


Innate Abilities, Weirdness & Mutations

You are resistant to torment.
Your stone body is resilient. (AC +9)
You are immune to poison.
You resist negative energy. (rN+)
You are resistant to electric shocks. (rElec)
You can survive without breathing.
You are immune to petrification.
You are immune to rotting.
You are weak. (Str -2)


Message History

You are too injured to fight recklessly!
You closely miss Nessos.
Nessos is lightly wounded.
Nessos stands on his hind legs for a moment.
Nessos zaps a wand.
The bolt of acid misses you.
The bolt of acid hits the plant!
The plant is splashed with acid!
Nessos completely misses you.
You feel better. Nessos completely misses you. Nessos misses you.
Nessos hits you but does no damage.
Your ogre goes berserk!
You are feeling hungry.
Nessos blinks!
Nessos wields a +3 longbow of flaming.
It bursts into flame!
Nessos shoots an arrow.
The arrow hits you!
* * * LOW HITPOINT WARNING * * *
The arrow burns you.
* * * LOW HITPOINT WARNING * * *
Nessos zaps a wand.
The bolt of acid hits you!
* * * LOW HITPOINT WARNING * * *
You are splashed with acid!
You die...

#.......## #......#
#......## #....(##
##..#...##
#.#P.(.##
###..÷÷.######...(#
##...÷..# #.#(.##
##÷....####c(.P#
#.....#.#.....##
#P.....###..(.O#
##P....# #..@(#.#
##....# #P....##
#....## ##...P#
##.### .....P# ##.#
#....### #.###
#PP... ##..##
##.... ##...##
P....# #.....#


You could see Nessos and a friendly ogre (berserk).

Vanquished Creatures
  Gastronok (Lair:1)
  Harold (D:7)
  Fannar (Lair:2)
  4 hydras
  2 two-headed ogres
  6 death yaks (Lair:5)
  Erica (Lair:1)
  An unseen horror (D:10)
  Pikel (D:9)
  A black mamba (Lair:1)
  Joseph (D:7)
  4 spiny frogs
  2 ice devils (Lair:1)
  3 komodo dragons
  A hornet (D:8)
  8 blink frogs
  4 hippogriffs
  22 yaks
  A wyvern (Lair:4)
  4 hogs (D:7)
  Grum (D:5)
  A human (D:7)
  The ghost of Nova322 the Caller, an amateur NaSu (D:3)
  A basilisk (Lair:4)
  A steam dragon (D:6)
  A hungry ghost (D:7)
  Edmund (D:4)
  Menkaure (D:6)
  3 nagas (Lair:2)
  13 water moccasins
  2 wargs (D:10)
  9 porcupines
  A black bear (Lair:3)
  5 orc warriors
  2 phantoms (D:9)
  4 ice beasts
  2 sky beasts (D:9)
  5 wolves (Lair:5)
  3 centaurs
  5 ogres
  13 crocodiles
  2 big kobolds
  12 bullfrogs
  4 gnoll sergeants (D:5)
  6 wights
  3 scorpions
  6 killer bees (D:7)
  A centaur zombie (D:6)
  3 crimson imps
  A bullfrog zombie (D:6)
  3 gnoll shamans (D:5)
  11 hounds
  3 bullfrog skeletons
  A jelly (D:6)
  12 orc priests
  Ijyb (D:3)
  4 iguanas
  Natasha (thrice) (D:4)
  19 orc wizards
  7 worker ants
  2 howler monkey zombies
  A worker ant zombie (D:9)
  Robin (D:2)
  28 gnolls
  6 adders
  A shadow imp (D:9)
  3 worms
  2 dart slugs
  11 leopard geckos
  65 orcs
  5 ball pythons
  3 bats
  7 giant cockroaches
  2 gnoll zombies (D:2)
  22 goblins
  18 hobgoblins
  11 jackals
  17 kobolds
  6 quokkas
  5 frilled lizards
  A jackal skeleton (D:4)
  A leopard gecko zombie (D:7)
  A quokka skeleton (D:7)
  7 rats
  2 plants
474 creatures vanquished.

Vanquished Creatures (collateral kills)
  A rakshasa (D:6)
  A leopard gecko (D:6)
2 creatures vanquished.

Vanquished Creatures (others)
  3 slaves (D:9)
  2 orcs
  A giant cockroach (D:6)
  2 quokkas
  3 fungi
  A plant (Lair:5)
12 creatures vanquished.

Grand Total: 488 creatures vanquished

Notes
Turn   | Place    | Note
-------+----------+-------------------------------------------
     0 | D:1      | Fang the Gargoyle Berserker began the quest for the Orb.
     0 | D:1      | Reached XP level 1. HP: 14/14 MP: 1/1
    51 | D:1      | Reached XP level 2. HP: 15/19 MP: 2/2
   580 | D:1      | Reached XP level 3. HP: 10/23 MP: 3/3
  1024 | D:2      | Found an iron altar of Okawaru.
  1085 | D:2      | You fall through a shaft!
  1091 | D:3      | Found a radiant altar of Vehumet.
  1174 | D:3      | Reached ** piety under Trog
  1198 | D:3      | Noticed Ijyb
  1230 | D:3      | Killed Ijyb
  1230 | D:3      | Reached XP level 4. HP: 23/29 MP: 1/4
  1442 | D:3      | Reached XP level 5. HP: 8/33 MP: 1/5
  1867 | D:3      | Found a runed translucent door.
  1868 | D:3      | Noticed Nova322's ghost (amateur NaSu)
  2285 | D:2      | Noticed Robin
  2308 | D:2      | Killed Robin
  2315 | D:2      | Reached *** piety under Trog
  2387 | D:2      | Found a white marble altar of Elyvilon.
  2623 | D:2      | Found a basalt altar of Yredelemnul.
  2731 | D:3      | Killed Nova322's ghost
  2731 | D:3      | Reached XP level 6. HP: 40/40 MP: 2/6
  3284 | D:4      | Reached skill level 5 in Fighting
  3304 | D:4      | Reached XP level 7. HP: 32/44 MP: 2/7
  3345 | D:4      | Noticed Edmund
  3365 | D:4      | Killed Edmund
  3383 | D:4      | Noticed Natasha
  3391 | D:4      | Killed Natasha
  3458 | D:4      | Noticed Natasha
  3469 | D:4      | Killed Natasha
  3509 | D:4      | Noticed Natasha
  3521 | D:4      | Killed Natasha
  3909 | D:5      | Entered Level 5 of the Dungeon
  3960 | D:5      | Reached skill level 5 in Armour
  3965 | D:5      | Reached XP level 8. HP: 24/51 MP: 2/8
  3975 | D:5      | HP: 2/51 [hound (3)]
  3991 | D:5      | Reached skill level 5 in Axes
  4328 | D:5      | Found a shimmering altar of Xom.
  4332 | D:5      | Found a shimmering altar of Xom.
  4332 | D:5      | Found a shimmering altar of Xom.
  4333 | D:5      | Found a shimmering altar of Xom.
  4334 | D:5      | Found a shimmering altar of Xom.
  4336 | D:5      | Found a shimmering altar of Xom.
  4336 | D:5      | Found a shimmering altar of Xom.
  4359 | D:5      | Reached **** piety under Trog
  4755 | D:5      | Found a hide-covered altar of Uskayaw.
  4822 | D:5      | Identified the Handbook of Mutagenic Combat Magic
  4877 | D:5      | Noticed Grum
  4891 | D:5      | Killed Grum
  4891 | D:5      | Reached XP level 9. HP: 30/56 MP: 9/9
  5129 | D:5      | Reached skill level 5 in Dodging
  5392 | D:6      | Noticed a rakshasa
  5418 | D:6      | Killed a rakshasa
  5764 | D:6      | Found a shattered altar of Ashenzari.
  5960 | D:6      | Noticed Menkaure
  5968 | D:6      | Killed Menkaure
  5995 | D:6      | Found an ancient bone altar of Kikubaaqudgha.
  6101 | D:6      | Reached XP level 10. HP: 64/64 MP: 10/10
  6348 | D:6      | Found a snail-covered altar of Cheibriados.
  6560 | D:7      | Reached ***** piety under Trog
  6650 | D:7      | Noticed a two-headed ogre
  6668 | D:7      | Killed a two-headed ogre
  6694 | D:7      | Noticed Joseph
  6733 | D:7      | Killed Joseph
  6810 | D:7      | Found a flagged portal.
  6884 | D:7      | Noticed Harold
  6905 | D:7      | Killed Harold
  6986 | D:7      | Found a staircase to the Ecumenical Temple.
  7097 | Temple   | Entered the Ecumenical Temple
  7193 | D:7      | Found a glowing silver altar of Zin.
  7526 | D:7      | Reached XP level 11. HP: 66/71 MP: 11/11
  7627 | D:8      | Received a gift from Trog
  7676 | D:8      | Found an opulent altar of Gozag.
  8120 | D:8      | Found a staircase to the Lair.
  8149 | D:9      | Received a gift from Trog
  8160 | D:9      | Noticed Pikel
  8171 | D:9      | Killed Pikel
  8171 | D:9      | Reached skill level 10 in Fighting
  8246 | D:9      | Found a stormy altar of Qazlal.
  8546 | D:9      | Noticed a two-headed ogre
  8557 | D:9      | Killed a two-headed ogre
  8557 | D:9      | Reached skill level 10 in Armour
  8818 | D:9      | Identified the +8 short sword of Revolt {flame, +Inv rPois
                  | rF+ rN+}
  8932 | D:10     | Entered Level 10 of the Dungeon
  9313 | D:10     | Found an opulent altar of Gozag.
  9428 | D:10     | Found a staircase to the Orcish Mines.
  9457 | D:10     | Received a gift from Trog
  9457 | D:10     | Identified the +5 shortbow "Eviscerator" {venom, +Blink
                  | rElec Str+6}
  9492 | D:10     | Killed an unseen horror
  9703 | D:10     | Found Pocownih's Book Emporium.
  9862 | Lair:1   | Entered Level 1 of the Lair of Beasts
  9880 | Lair:1   | Reached XP level 12. HP: 71/79 MP: 12/12
 10198 | Lair:1   | Noticed Erica
 10202 | Lair:1   | Noticed Gastronok
 10224 | Lair:1   | Killed Gastronok
 10233 | Lair:1   | Killed Erica
 10527 | Lair:1   | Noticed a seven-headed hydra
 10540 | Lair:1   | Killed a one-headed hydra
 10944 | Lair:1   | Noticed a four-headed hydra
 10956 | Lair:1   | Killed a one-headed hydra
 10963 | Lair:1   | Reached skill level 10 in Axes
 11518 | Lair:2   | Noticed Fannar
 11540 | Lair:2   | Killed Fannar
 11820 | Lair:2   | Found a staircase to the Snake Pit.
 11842 | Lair:2   | Reached XP level 13. HP: 54/86 MP: 13/13
 13039 | Lair:3   | Received a gift from Trog
 13067 | Lair:3   | Gained mutation: You are weak. (Str -2) [mutagenic glow]
 13581 | Lair:4   | Got a steaming scale mail
 13592 | Lair:4   | Identified the +5 scale mail of the Ageless Planets {SInv}
                  | (You found it on level 4 of the Lair of Beasts)
 13790 | Lair:4   | Found a staircase to the Shoals.
 14219 | Lair:5   | Reached skill level 10 in Dodging
 14466 | Lair:5   | Noticed Nessos
 14477 | Lair:5   | Splashed by Nessos's acid

Skill      XL: |  1  2  3  4  5  6  7  8  9 10 11 12 13 |
---------------+----------------------------------------+-----
Axes           | 3 4 5 6 8 9 10 11 | 11.0
Dodging        | 2 3 4 6 7 8 9 10 | 10.1
Fighting       | 4 5 6 8 9 10 12 | 12.8
Armour         | 3 4 5 6 7 9 10 11 12 | 12.6

Action                   |  1- 3 |  4- 6 |  7- 9 | 10-12 | 13-15 || total
-------------------------+-------+-------+-------+-------+-------++-------
Melee: Hand axe          |   133 |   176 |   181 |       |       ||   490
       War axe           |       |       |   186 |   715 |   187 ||  1088
Invok: Berserk           |     2 |     3 |     5 |     7 |     1 ||    18
       Trog's Hand       |       |     1 |     1 |       |       ||     2
       Brothers in Arms  |       |       |     1 |       |     1 ||     2
  Use: Scroll            |       |       |    18 |     9 |     2 ||    29
       Potion            |       |       |       |     1 |     1 ||     2
  Eat: Chunk             |     3 |    10 |    15 |    28 |    10 ||    66
Armor: Animal skin       |    53 |    12 |       |       |       ||    65
       Ring mail         |       |    67 |   235 |   318 |    58 ||   678
       Scale mail        |       |       |       |       |    29 ||    29
Dodge: Dodged            |    90 |   134 |   481 |   961 |   213 ||  1879
